 Seeded DCSS version 0.30-a0-23-ge60ba3568b (webtiles) character file.

Game seed: 15066806318322621083 (custom seed)

60 purpskrrrp the Sneak (level 4, -8/42 HPs)
             Began as a Naga Berserker on Aug 24, 2022.
             Was a Believer of Trog.
             Mangled by a gnoll
             ... wielding a +0 flail
              (13 damage)
             ... on level 2 of the Dungeon.
             The game lasted 00:02:14 (1603 turns).

purpskrrrp the Sneak (Naga Berserker)               Turns: 1603, Time: 00:02:14

Health: -8/42      AC:  2    Str: 20    XL:     4   Next: 4%
Magic:  4/4        EV: 10    Int:  7    God:    Trog [**....]
Gold:   75         SH:  0    Dex: 12    Spells: 3/3 levels left

rFire   + . .      SeeInvis +    a - +0 spear
rCold   x . .      Faith    .    (no shield)
rNeg    . . .      Spirit   .    b - +0 animal skin
rPois   +          Reflect  .    (no helmet)
rElec   .          Harm     .    (no cloak)
rCorr   .          Rampage  .    (no gloves)
Will    .....                    (no barding)
Stlth   +++.......               (no amulet)
HPRegen 0.14/turn                e - ring of fire
MPRegen 0.09/turn                (no ring)

@: very slow
A: AC +1, large, see invisible, deformed body, poison resistance, slowness 2,
spit poison 1, naga tail 1
a: Spit Poison, Renounce Religion, Berserk, Trog's Hand


You were on level 2 of the Dungeon.
You worshipped Trog.
Trog was pleased with you.
You visited 1 branch of the dungeon, and saw 2 of its levels.

You collected 75 gold pieces.

Inventory:

Hand Weapons
 a - a +0 spear (weapon)
Armour
 b - a +0 animal skin (worn)
Jewellery
 e - a ring of fire (left hand)
Scrolls
 c - a scroll of brand weapon {unknown}
 d - a scroll of torment {unknown}
 g - a scroll of identify {unknown}
Potions
 f - a potion of mutation {unknown}


   Skills:
 - Level 3.0 Fighting
 + Level 3.6 Polearms
 - Level 1.5 Armour
 - Level 1.5 Dodging
 * Level 4.6 Stealth


You had 3 spell levels left.
You didn't know any spells.
Your spell library was empty.

Dungeon Overview and Level Annotations

Branches:
Dungeon (2/15)

Altars:


Innate Abilities, Weirdness & Mutations

Your serpentine skin is tough. (AC +1)
You have supernaturally acute eyesight. (SInv)
Armour fits poorly on your strangely shaped body.
Your system is resistant to poisons. (rPois)
You cover ground very slowly.
You can spit poison.
You have a snake-like lower body.


Message History

You hit the gnoll.
The gnoll is severely wounded.
The gnoll hits you but does no damage.
You hit the gnoll.
You kill the gnoll!
Trog accepts your kill.
You have reached level 4!
You feel stronger.
You start resting.
A ball python is nearby!
The ball python hisses angrily.
The ball python bites you but does no damage.
You hit the ball python.
You kill the ball python!
Trog accepts your kill.
You start resting.
A worm comes into view.
You start resting.
A gnoll is nearby!
The gnoll shouts!
You closely miss the gnoll. The gnoll hits you with a +0 flail.
You barely miss the gnoll. The gnoll misses you.
You hit the gnoll but do no damage. The gnoll closely misses you.
You hit the gnoll but do no damage. The gnoll hits you with a +0 flail!
You hit the gnoll.
The gnoll is lightly wounded.
You completely miss the gnoll.
The gnoll is lightly wounded.
The gnoll completely misses you.
You hit the gnoll but do no damage. Your punch misses the gnoll.
The gnoll is lightly wounded.
The gnoll barely misses you.
You hit the gnoll.
The gnoll is lightly wounded.
The gnoll hits you with a +0 flail!
* * * LOW HITPOINT WARNING * * *
You hit the gnoll but do no damage.
The gnoll is lightly wounded.
The gnoll hits you with a +0 flail!
You die...

#....g.g.....
#w########?.#
#...)....#
#..#####.# #..#
#.# #..# #.# ##.#
#.# #.#####.# ###
#....@g.#
##.#######.#######
#.#..............#
##.#######.#####.#
#.# #.# #.# #.#
#.# #.# #.# #.#
#.# #.#


You could see a gnoll.

Vanquished Creatures
  2 gnolls (D:2)
  An adder (D:2)
  A worm (D:2)
  2 dart slugs
  2 endoplasms (D:1)
  A giant cockroach (D:1)
  3 goblins (D:1)
  3 hobgoblins (D:1)
  2 kobolds
  A quokka (D:1)
  A ball python (D:2)
  3 bats
  A frilled lizard (D:1)
  3 rats
26 creatures vanquished.

Notes
Turn   | Place    | Note
-------+----------+-------------------------------------------
     0 | D:1      | purpskrrrp the Naga Berserker began the quest for the Orb.
     0 | D:1      | Reached XP level 1. HP: 21/21 MP: 1/1
    75 | D:1      | Reached skill level 1 in Stealth
   179 | D:1      | Reached skill level 2 in Stealth
   179 | D:1      | Reached XP level 2. HP: 18/28 MP: 2/2
   443 | D:1      | Found a faded altar of an unknown god.
   679 | D:1      | Reached skill level 3 in Stealth
   997 | D:2      | Reached XP level 3. HP: 13/34 MP: 3/3
  1233 | D:2      | Reached ** piety under Trog
  1389 | D:2      | Reached skill level 4 in Stealth
  1489 | D:2      | Reached XP level 4. HP: 17/42 MP: 4/4
  1603 | D:2      | Mangled by a gnoll

Illustrated notes

Levels and vault maps discovered:
D:1:      nicolae_arrival_somewhat_less_tricky_arrival, layout_rooms,
          dreamdust_ecumenical_altar_angels_and_demons
D:2:      minmay_door_path, layout_loops_ring

Skill      XL: |  1  2  3 |
---------------+----------+-----
Stealth        | 2 3 4 |  4.6
Fighting       | |  3.0
Polearms       | |  3.6
Armour         | |  1.5
Dodging        | |  1.5

Action                   |  1- 3 |  4- 6 || total
-------------------------+-------+-------++-------
Melee: Spear             |    84 |    10 ||    94
  Use: Potion            |     1 |       ||     1
 Stab: Sleeping          |     3 |       ||     3
Armor: Animal skin       |     5 |     1 ||     6
Dodge: Dodged            |    23 |     4 ||    27

Table legend: (Time is in decaauts)
 A = Elapsed time spent in this place.
 B = Non-inter-level travel time spent in this place.
 C = Inter-level travel time spent in this place.
 D = Time resting spent in this place.
 E = Time spent auto-exploring this place.
 F = Levels seen in this place.
 G = Mean time per level.
                   A        B        C        D        E       F      G
               +--------+--------+--------+--------+--------+-----+--------+
         Total |   1868 |   1825 |     43 |    319 |   1282 |   2 |  934.0 |
       Dungeon |   1868 |   1825 |     43 |    319 |   1282 |   2 |  934.0 |
               +--------+--------+--------+--------+--------+-----+--------+

Top non-repeatable levels by time:
     D:1: 1176 daAuts
     D:2: 691 daAuts
